 Dungeon Crawl Stone Soup version 0.31.0-12-g77e489cdc1 (webtiles) character file.

Game seed: 18430512850314832804

59 spaghetti the Gusty (level 3, -3/26 HPs)
             Began as a Demonspawn Air Elementalist on Feb 15, 2024.
             Was a High Priest of Ignis.
             Killed from afar by Natasha (8 damage)
             ... with a magic dart
             ... on level 2 of the Dungeon.
             The game lasted 00:02:17 (1377 turns).

spaghetti the Gusty (Demonspawn Air Elementalist)   Turns: 1377, Time: 00:02:19

Health: -3/26      AC:  6    Str:  8    XL:     3   Next: 78%
Magic:  0/6        EV: 12    Int: 17    God:    Ignis [*****.]
Gold:   6          SH:  0    Dex: 13    Spells: 3/6 levels left

rFire   + . .        (no weapon)
rCold   . . .        (no shield)
rNeg    . . .        a - +0 robe
rPois   .            (no helmet)
rElec   .            (no cloak)
rCorr   .            (no gloves)
SInv    .            (no boots)
Will    .....        (no amulet)
Stlth   ++           f - +4 ring of protection
HPRegen 0.24/turn    (no ring)
MPRegen 0.10/turn

%: no passive effects
@: slowed, very slow
A: weakness stinger 1
a: Renounce Religion, Fiery Armour, Foxfire Swarm, Rising Flame


You were on level 2 of the Dungeon.
You worshipped Ignis.
Ignis was extremely pleased with you.
You visited 1 branch of the dungeon, and saw 2 of its levels.

You collected 6 gold pieces.

Inventory:

Armour
 a - a +0 robe (worn)
 e - a +0 plate armour
Jewellery
 f - a +4 ring of protection (left hand)
Scrolls
 d - a scroll of vulnerability {unknown}


   Skills:
 + Level 1.3 Fighting
 + Level 1.1 Armour
 - Level 1.7 Dodging
 - Level 1.7 Stealth
 + Level 2.4 Spellcasting
 + Level 1.8 Conjurations
 + Level 3.1 Air Magic


You had 3 spell levels left.
You knew the following spells:

 Your Spells              Type           Power      Damage    Failure   Level
a - Shock                 Conj/Air       40%        1d5       7%          1
b - Static Discharge      Conj/Air       20%        3-4/arc   11%         2

Your spell library contained the following spells:

 Spells                   Type           Power      Damage    Failure   Level
 Swiftness                Air            12%        N/A       16%         3
 Airstrike                Air            6%         2d(1-17)  45%         4


Dungeon Overview and Level Annotations

Branches:
Dungeon (2/15)

Altars:
Ignis

Annotations:
D:2 Natasha


Innate Abilities, Weirdness & Mutations

You have a small tail.


Message History

Natasha is heavily wounded.
Natasha barely misses you.
You hit Natasha but do no damage.
Natasha is heavily wounded.
Natasha claws you!
You hit Natasha but do no damage.
Natasha is heavily wounded.
Natasha casts a spell at you.
You feel yourself slow down.
You barely miss Natasha. You tail-slap Natasha.
Natasha is severely wounded.
Natasha barely misses you.
You hit Natasha but do no damage. You tail-slap Natasha.
Natasha is severely wounded.
Natasha claws you but does no damage. Natasha closely misses you.
Casting: Shock (safe; 7% risk of failure)
Confirm with . or Enter, or press ? or * to list all spells.
Aiming: Shock (safe; 7% risk of failure)
Press: ? - help, Shift-Dir - straight line, f/p - Natasha
Aim: Natasha (severely wounded, 60% to hit)
The zap misses Natasha.
Natasha claws you!
Unknown command.
You closely miss Natasha.
Natasha is severely wounded.
Natasha misses you.
Natasha howls an incantation.
Natasha shimmers violently.
Natasha stares at you and mumbles some strange words.
The magic dart hits you!
* * * LOW HITPOINT WARNING * * *
You aren't carrying any potions.
Okay, then.
You hit Natasha but do no damage.
Natasha is severely wounded.
Natasha mumbles some strange words.
You feel disoriented. Natasha casts a spell at you. The magic dart hits you!
You die...
Natasha curls up and begins to purr.

#.# #.[... #.# ......
#.# ###?.....
#.#######[.....##
#####.##.............
#................###.
#.........>##....#
#..........#..h..#
#####.#####...@.#....
#.# #.$.?....).. #.#
##..#.####.. #.#
....... #.# #.#......
#.....#..# #..##....#
#.. #.#


You could see Natasha.

Vanquished Creatures
  Terence (D:1)
  An adder (D:2)
  2 dart slugs
  A bat (D:2)
  An endoplasm (D:1)
  2 giant cockroaches (D:1)
  3 goblins
  3 jackals (D:1)
  A quokka (D:1)
  3 ball pythons
  A kobold (D:1)
  2 rats (D:2)
21 creatures vanquished.

Notes
Turn   | Place    | Note
-------+----------+-------------------------------------------
     0 | D:1      | spaghetti the Demonspawn Air Elementalist began the quest
                  | for the Orb.
     0 | D:1      | Reached XP level 1. HP: 13/13 MP: 3/3
   545 | D:1      | Gained mutation: You have a small tail. [demonic ancestry]
   545 | D:1      | Reached XP level 2. HP: 19/20 MP: 1/5
   878 | D:1      | Found a faded altar of an unknown god.
   913 | D:1      | Prayed at the altar of an unknown god.
   913 | D:1      | Became a worshipper of Ignis, the Dying Flame
  1067 | D:2      | Learned a level 2 spell: Static Discharge
  1067 | D:2      | Noticed Terence
  1147 | D:1      | Killed Terence
  1148 | D:1      | Reached skill level 1 in Fighting
  1148 | D:1      | Reached skill level 1 in Armour
  1148 | D:1      | Reached skill level 3 in Air Magic
  1148 | D:1      | Reached XP level 3. HP: 7/26 MP: 1/6
  1361 | D:2      | Noticed Natasha
  1377 | D:2      | Killed from afar by Natasha

Illustrated notes

Levels and vault maps discovered:
D:1:      elethiomel_arrival_infinity_welcomes_careful_drivers,
          layout_loops_cross, ebering_ecumenical_altar_webs,
          minmay_misc_feat_five, reono_crystal_passage
D:2:      layout_rooms, serial_shops, nicolae_shop_trees,
          amcnicky_mini_corridor_feature, uniq_natasha, uniq_terence

Skill      XL: |  1  2 |
---------------+-------+-----
Fighting       | 1 |  1.3
Armour         | 1 |  1.1
Air Magic      | 3 |  3.1
Dodging        | |  1.7
Stealth        | |  1.7
Spellcasting   | |  2.4
Conjurations   | |  1.8

Action                     || total
---------------------------++-------
  Melee: Unarmed           ||    44
         Tailslap          ||     8
         Punch             ||     1
   Cast: Shock             ||    56
         Static Discharge  ||     2
    Use: Potion            ||     4
 Armour: Robe              ||    41
  Dodge: Dodged            ||    41
